Map: Blackpink LE

Players

Slag

  • Race: Zerg Zerg
  • League: Diamond
  • Spawn Location: 7:00

SweetAngel - Winner!

  • Race: Terran Terran
  • League: Diamond
  • Spawn Location: 1:00

VOD

Have the link to the VOD?

Description

for analysis

Time

  • Played on: March 8, 2018, 8:04 p.m.
  • Length: 19:07
Show
View Real Time Build Order
Export as new Build Order

Slag Zerg 

Build Orders: Hatch First 

Get SALT Encoding   

  12  0:01  Drone  
  13  0:17  Drone  
  13  0:20  Overlord  
  14  0:38  Drone  
  14  0:39  Drone  
  14  0:41  Drone  
  17  0:54  Hatchery  
  16  1:00  Drone  
  16  1:02  Drone  
  18  1:14  Extractor  
  17  1:19  Spawning Pool  
  17  1:20  Drone  
  17  1:25  Drone  
  18  1:33  Overlord  
  18  1:44  Drone  
  19  2:02  Drone  
  20  2:09  Queen  
  20  2:15  Zergling x4  
  24  2:25  Metabolic Boost  
  24  2:29  Hatchery  
  23  2:32  Drone x3  
  23  2:33  Drone  
  27  2:43  Drone x2  
  29  2:50  Queen  
  31  2:55  Overlord  
  30  3:06  Drone x3  
  30  3:11  Baneling Nest  
  30  3:12  Drone  
  33  3:13  Drone  
  34  3:25  Drone x2  
  36  3:32  Overlord  
  36  3:37  Drone  
  37  3:42  Queen x2  
  37  3:44  Queen  
  37  3:47  Drone  
  44  3:49  Drone  
  44  3:51  Drone  
  46  3:56  Drone  
  46  3:57  Evolution Chamber  
  46  3:58  Zergling x2  
  46  3:59  Zergling x2  
  48  4:11  Overlord  
  48  4:18  Drone  
  48  4:19  Drone x2  
  48  4:20  Drone x3, Pneumatized Carapace  
  54  4:31  Drone x2  
  54  4:32  Drone  
  54  4:36  Extractor  
  54  4:37  Extractor  
  55  4:46  Lair  
  55  4:48  Drone x4  
  55  4:49  Drone  
  55  4:52  Hatchery  
  59  4:55  Zergling x2  
  59  4:56  Zergling x4  
  59  4:57  Zergling x2  
  63  5:00  Zergling x4  
  65  5:09  Zerg Melee Weapons Level 1  
  65  5:15  Overlord x4  
  65  5:35  Baneling x2  
  65  5:36  Baneling x2  
  65  5:47  Drone  
  65  5:49  Drone x11  
  81  5:50  Hydralisk Den, Drone x4  
  81  5:54  Extractor x2  
  81  5:56  Queen  
  80  6:18  Zergling x10  
  81  6:19  Zergling x8  
  81  6:22  Muscular Augments  
  87  6:43  Drone x4  
  87  6:45  Drone x4  
  95  6:47  Overlord x6  
  95  7:02  Evolution Chamber, Drone  
  95  7:08  Zerg Ground Armor Level 1  
  95  7:12  Hydralisk x14  
  123  7:18  Drone x3  
  123  7:19  Drone x2  
  123  7:20  Extractor  
  127  7:36  Baneling x4  
  127  7:37  Baneling x3  
  127  7:38  Centrifical Hooks  
  127  7:43  Zerg Missile Weapons Level 1  
  127  7:49  Drone x5  
  127  7:50  Drone  
  133  7:52  Extractor  
  133  7:53  Extractor  
  131  8:04  Queen  
  133  8:08  Hydralisk  
  133  8:09  Hydralisk x4  
  133  8:11  Overlord  
  133  8:12  Overlord x6  
  143  8:15  Grooved Spines  
  143  8:19  Hatchery  
  142  8:22  Infestation Pit  
  141  8:31  Queen  
  143  8:35  Drone  
  143  8:39  Hatchery  
  143  8:45  Overlord  
  143  8:58  Zergling x4  
  143  8:59  Zergling x24  
  157  9:08  Hydralisk  
  157  9:09  Hydralisk x10  
  142  9:20  Zergling x4  
  102  9:33  Hydralisk  
  102  9:34  Hydralisk x3  
  110  9:45  Hydralisk  
  110  9:46  Hydralisk x4  
  120  10:00  Zerg Missile Weapons Level 2, Zerg Melee Weapons Level 2  
  110  10:11  Hydralisk x4  
  110  10:12  Hydralisk x7  
  117  10:19  Zergling x2  
  117  10:20  Zergling x2  
  108  10:28  Hive  
  108  10:31  Zergling x8  
  110  10:37  Spire  
  110  10:41  Drone  
  110  10:42  Drone x3  
  113  10:47  Zergling x8  
  117  10:54  Queen  
  117  10:55  Hatchery  
  118  11:05  Zergling x4  
  118  11:06  Zergling x14  
  118  11:09  Baneling x6  
  118  11:10  Baneling  
  127  11:16  Drone x3  
  127  11:17  Drone  
  131  11:24  Spine Crawler  
  130  11:27  Overseer x2  
  130  11:33  Drone  
  130  11:34  Drone x4  
  135  11:46  Hydralisk  
  135  11:47  Hydralisk x3  
  112  12:07  Zergling x2  
  112  12:08  Zergling x22  
  108  12:20  Zergling x14  
  108  12:21  Zergling x10  
  98  12:30  Zerg Ground Armor Level 2  
  98  12:33  Corruptor x2  
  98  12:35  Corruptor  
  104  12:38  Drone x2  
  104  12:39  Drone  
  104  12:42  Baneling x3  
  104  12:43  Baneling x4  
  107  12:44  Baneling  
  107  12:45  Baneling  
  107  12:50  Drone x4  
  107  12:51  Drone  
  112  12:59  Greater Spire  
  112  13:09  Drone  
  112  13:10  Drone x13  
  126  13:20  Corruptor  
  126  13:24  Hatchery  
  127  13:30  Hydralisk x5  
  127  13:32  Hydralisk  
  139  13:37  Zerg Melee Weapons Level 3  
  139  13:49  Drone x3  
  139  13:50  Drone x3  
  139  13:51  Drone x4  
  139  13:52  Drone x5  
  139  13:54  Extractor  
  139  13:55  Extractor  
  152  14:04  Corruptor x3  
  152  14:08  Hydralisk  
  160  14:31  Viper x2  
  160  14:38  Hatchery  
  158  14:42  Zerg Flyer Weapons Level 1  
  158  14:45  Hydralisk x4  
  154  15:05  Zergling x28  
  154  15:06  Zergling x18  
  148  15:11  Hydralisk  
  105  15:37  Brood Lord x6  
  105  15:39  Hydralisk x2  
  105  15:41  Zergling x2  
  105  15:42  Zergling x22  
  93  16:04  Hydralisk  
  93  16:05  Hydralisk x3  
  96  16:14  Zergling x12  
  96  16:15  Zergling x2  
  101  16:35  Zergling x14  
  101  16:39  Corruptor x2  
  91  16:52  Corruptor  
  83  17:09  Drone  
  83  17:10  Zergling x2  
  83  17:11  Zergling x10  
  90  17:25  Extractor x2, Lair  
  90  17:26  Spawning Pool  
  87  17:36  Zergling x20  
  94  18:16  Zergling x2  
  94  18:17  Zergling x22  
  101  18:46  Zergling x2  
  101  18:47  Zergling x14  
Show
View Real Time Build Order
Export as new Build Order

SweetAngel Terran - Winner!

Build Orders: Command Center First (CC), Mech 

Get SALT Encoding   

  12  0:02  SCV  
  13  0:22  SCV, Supply Depot  
  14  0:34  SCV  
  15  0:46  SCV  
  16  1:00  Command Center  
  16  1:05  SCV  
  17  1:17  Barracks  
  17  1:18  SCV  
  18  1:31  SCV  
  19  1:43  SCV  
  20  1:56  SCV  
  20  1:58  Supply Depot  
  21  2:06  Marine  
  22  2:10  Bunker  
  22  2:11  Orbital Command  
  22  2:14  Orbital Command  
  22  2:28  Marine  
  23  2:36  Refinery  
  23  2:37  Refinery  
  23  2:40  SCV  
  23  2:41  Refinery  
  24  2:46  Marine  
  24  2:50  SCV  
  26  2:55  SCV  
  27  3:02  SCV  
  27  3:03  Marine  
  29  3:08  SCV  
  30  3:14  SCV  
  31  3:20  SCV  
  31  3:21  Factory, Marine  
  31  3:26  SCV  
  34  3:32  Factory  
  34  3:33  SCV  
  35  3:38  SCV  
  35  3:39  Marine  
  37  3:41  Supply Depot  
  37  3:45  SCV  
  38  3:50  SCV  
  39  3:57  Marine, SCV  
  41  4:03  SCV  
  41  4:06  Factory Tech Lab  
  41  4:09  SCV  
  43  4:11  Starport  
  43  4:15  Marine, SCV  
  43  4:16  Factory Tech Lab, Factory Reactor  
  45  4:21  SCV, Supply Depot  
  46  4:26  Supply Depot  
  46  4:27  SCV  
  47  4:33  SCV  
  47  4:35  Siege Tank, Supply Depot  
  51  4:39  SCV  
  51  4:41  Armory  
  51  4:45  SCV  
  53  4:48  Viking  
  53  4:51  SCV  
  53  4:52  Supply Depot  
  56  4:57  SCV  
  56  4:59  Refinery  
  57  5:00  Liberator  
  57  5:01  Hellion x2  
  57  5:03  SCV  
  62  5:09  SCV  
  63  5:15  SCV  
  63  5:16  Siege Tank  
  70  5:21  SCV  
  70  5:22  Hellion  
  70  5:23  Hellion  
  76  5:42  SCV  
  76  5:44  Hellion x2  
  76  5:46  Liberator  
  80  5:51  Command Center, Siege Tank  
  80  5:54  Factory  
  80  5:56  Supply Depot  
  83  5:59  Supply Depot  
  86  6:05  Hellion x2  
  86  6:07  Supply Depot  
  90  6:16  Engineering Bay  
  90  6:24  Hellion  
  80  6:26  Hellion  
  80  6:27  Hellion  
  84  6:39  Factory Reactor  
  84  6:45  Hellion  
  86  6:48  Hellion x2, Missile Turret  
  86  6:50  Starport Reactor  
  86  6:54  Missile Turret  
  90  7:02  Supply Depot  
  90  7:05  Starport  
  90  7:06  Thor  
  96  7:20  Hellion x2  
  96  7:21  Hellion x2  
  104  7:24  Planetary Fortress  
  104  7:25  SCV  
  104  7:26  Liberator  
  105  7:30  Viking  
  107  7:41  Hellion  
  112  7:52  Missile Turret, Supply Depot  
  112  7:53  SCV  
  112  7:54  SCV  
  114  7:58  Siege Tank  
  114  8:00  Hellbat x2  
  121  8:06  SCV x2  
  121  8:07  Refinery  
  121  8:08  SCV, Refinery  
  121  8:11  Missile Turret, Liberator  
  121  8:12  Liberator  
  124  8:20  SCV  
  124  8:22  Terran Vehicle And Ship Armor Level 1  
  125  8:32  SCV, Hellbat x2  
  136  8:53  Hellbat  
  106  9:28  Siege Tank  
  106  9:30  Hellbat x2  
  106  9:31  Hellbat  
  105  9:52  Hellbat x2  
  107  10:01  Siege Tank  
  89  10:22  Infernal Pre-Igniter  
  89  10:26  Liberator x2  
  79  10:31  Factory Tech Lab  
  79  10:33  Siege Tank  
  70  10:41  Hellbat  
  70  10:42  Hellbat  
  74  10:49  Factory  
  80  10:54  Factory  
  80  11:02  Siege Tank  
  80  11:03  Hellbat  
  85  11:05  Hellion, Siege Tank  
  85  11:08  SCV  
  85  11:09  Medivac  
  93  11:23  Hi-Sec Auto Tracking  
  93  11:24  Hellion  
  95  11:32  Hellbat  
  97  11:34  Siege Tank  
  97  11:35  Hellbat x2  
  97  11:38  Factory Tech Lab  
  104  11:44  Supply Depot  
  104  11:46  Hellbat  
  104  11:47  Command Center  
  59  12:30  Siege Tank x3  
  59  12:31  Bunker  
  59  12:32  Viking x2, Hellbat x4  
  59  12:34  Medivac  
  82  12:45  Terran Vehicle Weapons Level 1  
  82  12:50  Factory  
  82  12:53  Hellbat x2  
  82  12:57  Liberator x2  
  86  13:08  Siege Tank x3  
  86  13:10  Hellbat  
  86  13:11  Hellbat  
  99  13:14  Hellbat x2  
  109  13:32  Hellbat x2  
  113  13:36  Hellbat  
  113  13:37  Hellbat x2  
  113  13:40  Hellbat, Siege Tank  
  113  13:41  Hellbat  
  126  13:53  Hellbat x2  
  130  13:57  Hellbat  
  130  13:58  Hellbat x2  
  130  14:02  Hellbat x2  
  140  14:06  Medivac  
  142  14:12  Siege Tank  
  145  14:17  Planetary Fortress  
  145  14:23  Siege Tank  
  148  14:26  Hellion x3  
  148  14:27  Hellion x3  
  148  14:30  Refinery  
  160  14:36  Medivac  
  158  14:44  Hellion  
  160  14:47  Hellion  
  132  15:07  Starport Reactor  
  132  15:08  Viking  
  132  15:09  Viking  
  132  15:10  Thor x2  
  134  15:42  Viking x2  
  134  15:44  Starport  
  134  15:51  Supply Depot  
  127  16:15  Viking  
  127  16:16  Viking x3  
  130  16:45  Viking  
  88  17:10  Hellbat x2  
  88  17:11  Hellbat x4  
  88  17:12  Viking x2  
  88  17:13  Viking  
  88  17:15  Thor, Viking  
  106  17:17  Thor  
  110  17:34  Hellbat x2  
  110  17:35  Hellbat  
  116  17:42  Viking  
  118  17:56  Missile Turret, Hellbat  
  118  17:57  Marine, Hellbat  
  123  18:01  Hellbat x2  
  123  18:03  Thor x2  
  139  18:15  Marine  
  139  18:18  Hellbat  
  141  18:22  Hellbat  
Tags
 
Add a new tag
Caveats
  • Supply blocks, unpowered buildings, or Contaminate may cause inaccurate times.
  • Supply counts are checked every 10 seconds.